 Dungeon Crawl Stone Soup version 0.19.4-8-ga85b6b9 (console) character file.

2725 Grinner the Grappler (level 9, -12/64 HPs)
             Began as a Minotaur Transmuter on Feb 8, 2017.
             Was a Follower of Okawaru.
             Splashed by a centaur's acid (13 damage)
             ... on level 8 of the Dungeon.
             The game lasted 00:24:16 (7417 turns).

Grinner the Grappler (Minotaur Transmuter)          Turns: 7417, Time: 00:24:16

Health: -12/64     AC:  6    Str: 15    XL:     9   Next: 40%
Magic:  9/10       EV: 16    Int: 13    God:    Okawaru [*.....]
Gold:   492        SH:  0    Dex: 14    Spells: 3 memorised, 1 level left

rFire  . . .     SeeInvis .       - Unarmed
rCold  + . .     Gourm    .     e - +2 robe {rC+}
rNeg   . . .     Faith    .     (no shield)
rPois  +         Spirit   .     (helmet restricted)
rElec  .         Reflect  .     x - +0 cloak
rCorr  .         Harm     .     q - +0 pair of gloves
MR     .....     Clarity  +     (boots currently unavailable)
Stlth  +.........               (no amulet)
                                k - ring of poison resistance
                                B - +3 ring of dexterity

@: appendage
A: retaliatory headbutt, horns 2, talons 3, clarity
a: End Transformation, Heroism, Renounce Religion


You were on level 8 of the Dungeon.
You worshipped Okawaru.
Okawaru was aware of your devotion.
You were not hungry.
You had grown temporary talons.
You visited 2 branches of the dungeon, and saw 9 of its levels.

You collected 492 gold pieces.

Inventory:

Hand Weapons
 r - the +4 hunting sling "Puyg" {flame, rC+ rN+ Str-3}
   (You found it on level 4 of the Dungeon)

   It causes projectiles fired from it to burn those they strike, causing extra
   injury to most foes and up to half again as much damage against particularly
   susceptible opponents.
   It affects your strength (-3).
   It protects you from cold.
   It protects you from negative energy.
Missiles
 i - 167 stones (quivered)
 D - 19 arrows
Armour
 e - a +2 robe of cold resistance (worn)
 q - a +0 pair of gloves (worn)
 x - a +0 cloak (worn)
 A - a +0 pair of boots
Jewellery
 b - an uncursed ring of see invisible
 k - a ring of poison resistance (right hand)
 B - a +3 ring of dexterity (left hand)
Wands
 a - a wand of lightning (6/15)
 t - a wand of disintegration (9/24)
 w - a wand of iceblast (6/15)
Scrolls
 f - 2 scrolls of fog
 g - 5 scrolls of remove curse
 h - 6 scrolls of teleportation
 m - a scroll of amnesia
 n - a scroll of enchant weapon
 p - 3 scrolls of fear
 v - a scroll of magic mapping
 y - a scroll of noise {unknown}
 z - a scroll of identify
Potions
 j - a potion of curing
 o - 2 potions of heal wounds
 u - 2 potions of lignification
 C - a potion of berserk rage {unknown}
Books
 c - a book of Changes

   Spells                             Type                      Level
   a - Beastly Appendage              Transmutation                1
   b - Sticks to Snakes               Transmutation                2
   c - Spider Form                    Transmutation/Poison         3
   d - Ice Form                       Ice/Transmutation            4
   e - Blade Hands                    Transmutation                5
Comestibles
 d - 9 bread rations
 l - a slice of pizza
 s - a meat ration


   Skills:
 - Level 1.2 Fighting
 - Level 2.0 Slings
 + Level 7.3 Dodging
 + Level 8.9 Unarmed Combat
 - Level 1.3 Spellcasting
 * Level 6.8 Transmutations
 + Level 0.8 Invocations


You had one spell level left.
You knew the following spells:

 Your Spells              Type           Power        Failure   Level  Hunger
s - Spider Form           Tmut/Pois      #.........   21%         3    ####...
x - Blade Hands           Tmut           ###.......   50%         5    ######.
z - Beastly Appendage     Tmut           ###...       1%          1    ##.....


Dungeon Overview and Level Annotations

Branches:
Dungeon (8/15)             Temple (1/1) D:7
   Lair: D:8-11

Altars:
Cheibriados
Elyvilon
Nemelex Xobeh
Okawaru
Ru
Sif Muna
Uskayaw
Vehumet

Annotations:
D:3 odb's ghost, amateur HOFi


Innate Abilities, Weirdness & Mutations

You reflexively headbutt those who attack you in melee.
You have a pair of horns on your head.
You have claws for feet.
You possess an exceptional clarity of mind.


Message History

The arrow misses you.
The centaur shoots an arrow.
The arrow closely misses you.
The centaur shoots an arrow.
The arrow closely misses you.
The centaur shoots an arrow.
The arrow hits you.
You see here an arrow.
The centaur shoots an arrow.
The arrow hits you!
The centaur shoots an arrow.
The arrow hits you.
You see here 2 arrows.
The centaur shoots an arrow.
The arrow hits you!
You see here an arrow.
The centaur zaps a wand.
The bolt of acid misses you.
It is a wand of acid.
Casting: Beastly Appendage
Confirm with . or Enter, or press ? or * to list all spells.
Your feet morph into talons.
The centaur unwields an uncursed shortbow.
The centaur closely misses you.
The centaur zaps a wand.
The bolt of acid hits you!
* * * LOW HITPOINT WARNING * * *
You are splashed with acid!
The acid burns!
You die...

####...###.##.#...........
..##.....#....##......##.....
../.....(.................###
..##............#...#..###...
.................[...........
..###...##(...##.....#.#.....
. #.......(.................
.....#.Z..(......##........
........#..@.(.########.....
......##....c...## ##.....
...............<.# #......
.................# ..#....
..............##..# ###...
..##........# #.# #).... ..
########## .....###. ...# ##.
.# ##..


You could see a centaur and an adder zombie.

Vanquished Creatures
  A hornet (D:8)
  Prince Ribbit (D:5)
  Sigmund (D:2)
  A spriggan (D:8)
  A hungry ghost (D:8)
  Duvessa (D:7)
  An ice beast (D:5)
  A sky beast (D:7)
  4 ogres
  2 centaurs (D:6)
  Blork the orc (D:5)
  Dowan (D:7)
  4 wights (D:7)
  2 centaur zombies
  2 crimson imps
  A quasit (D:5)
  2 orc priests
  A jelly (D:7)
  2 hounds
  A bullfrog skeleton (D:8)
  2 orc wizards
  2 centaur skeletons
  2 iguanas (D:6)
  5 worker ants
  The ghost of mrking the Insei, a weakling HuWn (D:4)
  A worker ant zombie (D:5)
  8 adders
  2 shadow imps
  An adder skeleton (D:4)
  An adder zombie (D:5)
  A worm (D:2)
  6 leopard geckos
  13 orcs
  A ball python (D:4)
  3 giant cockroaches
  6 goblins
  2 hobgoblins (D:2)
  12 jackals
  9 kobolds
  A quokka (D:2)
  A ball python skeleton (D:4)
  8 bats
  2 frilled lizards
  A leopard gecko skeleton (D:6)
  2 leopard gecko zombies
  2 quokka skeletons
  5 rats
131 creatures vanquished.

Notes
Turn   | Place    | Note
-------+----------+-------------------------------------------
     0 | D:1      | Grinner the Minotaur Transmuter began the quest for the Orb.
     0 | D:1      | Reached XP level 1. HP: 16/16 MP: 1/1
   371 | D:1      | Reached XP level 2. HP: 23/23 MP: 3/3
   515 | D:1      | Reached skill level 4 in Unarmed Combat
   685 | D:1      | Reached XP level 3. HP: 24/28 MP: 1/4
  1099 | D:2      | Noticed Sigmund
  1123 | D:2      | Killed Sigmund
  1123 | D:2      | Reached skill level 5 in Unarmed Combat
  1123 | D:2      | Reached XP level 4. HP: 9/35 MP: 5/5
  1123 | D:2      | Reached XP level 5. HP: 10/40 MP: 6/6
  1195 | D:2      | HP: 2/40 [goblin/uncursed club (3)]
  1360 | D:2      | Reached skill level 6 in Unarmed Combat
  2109 | D:3      | Noticed odb's ghost (amateur HOFi)
  2122 | D:4      | Noticed an ogre
  2134 | D:4      | Killed an ogre
  2134 | D:4      | Reached XP level 6. HP: 42/47 MP: 5/7
  2172 | D:4      | Learned a level 3 spell: Spider Form
  2181 | D:4      | Got a polished hunting sling
  2182 | D:4      | Identified the +4 hunting sling "Puyg" {flame, rC+ rN+ Str-3} (You found it on level 4 of the Dungeon)
  2649 | D:4      | Noticed mrking's ghost (weakling HuWn)
  2673 | D:4      | Killed mrking's ghost
  2911 | D:4      | Reached skill level 1 in Slings
  3251 | D:4      | Reached XP level 7. HP: 41/52 MP: 6/8
  3743 | D:4      | Found a radiant altar of Vehumet.
  3975 | D:5      | Entered Level 5 of the Dungeon
  4080 | D:5      | Reached skill level 5 in Dodging
  4236 | D:5      | Noticed Blork the orc
  4247 | D:5      | Killed Blork the orc
  4247 | D:5      | Reached skill level 7 in Unarmed Combat
  4674 | D:5      | Reached XP level 8. HP: 55/59 MP: 9/9
  4724 | D:5      | Noticed Prince Ribbit
  4748 | D:5      | Killed Prince Ribbit
  4900 | D:6      | Reached skill level 5 in Transmutations
  5719 | D:7      | Noticed Dowan
  5720 | D:7      | Noticed Duvessa
  5729 | D:7      | Killed Duvessa
  5729 | D:7      | Reached skill level 8 in Unarmed Combat
  5732 | D:7      | Killed Dowan
  5955 | D:7      | Found a staircase to the Ecumenical Temple.
  5966 | Temple   | Entered the Ecumenical Temple
  5972 | Temple   | Became a worshipper of Warmaster Okawaru
  5998 | D:7      | Gained mutation: You possess an exceptional clarity of mind. [mutagenic meat]
  6002 | D:7      | Noticed a dagger
  6002 | D:7      | Noticed a dagger
  6016 | D:7      | Found a hide-covered altar of Uskayaw.
  6112 | D:7      | Reached XP level 9. HP: 59/64 MP: 8/10
  6164 | D:7      | Learned a level 5 spell: Blade Hands
  7116 | D:8      | Paralysed by a hornet for 3 turns
  7124 | D:8      | Reached * piety under Okawaru
  7417 | D:8      | HP: 1/64 [centaur/wand of acid (22)]
  7417 | D:8      | Splashed by a centaur's acid

Skill      XL: |  1  2  3  4  5  6  7  8  9 |
---------------+----------------------------+-----
Unarmed Combat | 4 5 6 7 8 |  8.9
Dodging        | 4 5 6 7 |  7.3
Transmutations | 2 4 6 |  6.8
Slings         | 2 |  2.0
Fighting       | |  1.2
Spellcasting   | |  1.3
Invocations    | |  0.8

Action                   |  1- 3 |  4- 6 |  7- 9 || total
-------------------------+-------+-------+-------++-------
Melee: Unarmed           |    95 |   137 |   204 ||   436
       Headbutt          |     8 |    16 |    37 ||    61
       Kick              |     5 |    14 |    22 ||    41
       Punch             |       |     4 |     3 ||     7
 Fire: Hunting sling     |       |    14 |    44 ||    58
Throw: Throwing net      |     1 |       |       ||     1
       Javelin           |       |     3 |       ||     3
 Cast: Beastly Appendage |     2 |     8 |    20 ||    30
       Spider Form       |       |       |     1 ||     1
Evoke: Wand              |       |       |     6 ||     6
  Use: Potion            |     4 |     1 |     6 ||    11
       Scroll            |       |     6 |     3 ||     9
 Stab: Sleeping          |     1 |       |     1 ||     2
  Eat: Chunk             |     1 |     3 |     6 ||    10
       Meat ration       |       |     1 |     3 ||     4
Armor: Robe              |    21 |    17 |    35 ||    73
       Skin              |     2 |       |     2 ||     4
Dodge: Dodged            |    70 |    77 |   135 ||   282
